 Dungeon Crawl Stone Soup version 0.25-b1-41-g19641232cd (webtiles) character file.

Game seed: 15589232369862695392

20839 diana the Cleaver (level 12, -38/138 HPs)
             Began as a Demonspawn Berserker on June 8, 2020.
             Was a High Priest of Trog.
             Annihilated by an orc knight
             ... wielding a +1 great sword of electrocution
              (40 damage)
             ... on level 1 of the Orcish Mines.
             The game lasted 00:23:22 (18267 turns).

diana the Cleaver (Demonspawn Berserker)           Turns: 18267, Time: 00:23:23

Health: -38/138    AC: 17    Str: 22    XL:     12   Next: 48%
Magic:  12/12      EV: 15    Int:  9    God:    Trog [*****.]
Gold:   1424       SH: 16    Dex: 13    Spells: 11/11 levels left

rFire    + + .     SeeInvis .   K - +0 broad axe
rCold    + . .     Gourm    .   J - +0 tower shield
rNeg     . . .     Faith    +   w - +3 scale mail {rC+}
rPois    .         Spirit   .   (no helmet)
rElec    .         Reflect  .   t - +0 cloak
rCorr    .         Harm     .   L - +0 pair of gloves
MR       .....                  (no boots)
Stlth    ..........             C - amulet of faith
HPRegen  0.33/turn              H - +4 ring of evasion
MPRegen  0.13/turn              z - ring of protection from fire

@: berserking, very quick
A: hooves 2, thin metallic scales 2, fire resistance 1, powered by pain 1, flame
cloud immunity
a: Berserk, Trog's Hand, Brothers in Arms, Renounce Religion


You were on level 1 of the Orcish Mines.
You worshipped Trog.
Trog was extremely pleased with you.
You were near starving.

You visited 2 branches of the dungeon, and saw 15 of its levels.
You also visited: Ossuary.

You collected 1424 gold pieces.

Inventory:

Hand Weapons
 K - a +0 broad axe (weapon)
Missiles
 B - 3 throwing nets (quivered)
Armour
 t - a +0 cloak (worn)
 w - a +3 scale mail of cold resistance (worn)
 E - a +0 plate armour
 J - a +0 tower shield (worn)
 L - a +0 pair of gloves (worn)
Jewellery
 e - an uncursed ring of magical power
 z - a ring of protection from fire (right hand)
 C - an amulet of faith (around neck)
 H - a +4 ring of evasion (left hand)
 O - a +4 ring of evasion
Wands
 r - a wand of polymorph (8)
 y - a wand of acid (8)
Scrolls
 b - 2 scrolls of fog {unknown}
 f - 4 scrolls of enchant armour
 g - 4 scrolls of fear
 i - 3 scrolls of immolation {unknown}
 j - a scroll of torment {unknown}
 k - 4 scrolls of teleportation {unknown}
 l - a scroll of magic mapping {unknown}
 m - 4 scrolls of noise
 n - a scroll of amnesia {unknown}
 q - 2 scrolls of blinking {unknown}
 x - 2 scrolls of enchant weapon {unknown}
 D - 2 scrolls of remove curse
 N - 2 scrolls of identify
Potions
 a - a potion of magic {unknown}
 d - 3 potions of curing
 h - 6 potions of flight
 o - 2 potions of brilliance
 p - 3 potions of haste
 s - 4 potions of lignification {unknown}
 u - 2 potions of might {unknown}
 v - 3 potions of heal wounds
 A - 2 potions of berserk rage {unknown}
 F - a potion of cancellation {unknown}
 G - 2 potions of stabbing
 M - 2 potions of degeneration {unknown}
Comestibles
 c - 20 rations


   Skills:
 - Level 7.7 Fighting
 + Level 10.3 Axes
 + Level 10.2 Armour
 - Level 9.0 Dodging
 + Level 7.5 Shields


You had 11 spell levels left.
You didn't know any spells.
Your spell library was empty.

Dungeon Overview and Level Annotations

Branches:
Dungeon (13/15)            Temple (0/1) D:7             Orc (2/2) D:11
Ossuary (visited)
   Lair: D:8-11         Elf: Orc:2       Vaults: D:13-14

Altars:
Ashenzari
Cheibriados
Dithmenos
Fedhas
Gozag
Hepliaklqana
Nemelex Xobeh
Qazlal
Sif Muna
Trog
Uskayaw
Vehumet
Xom
Yredelemnul
The Shining One

Annotations:
D:5 1 runed translucent door, kathalu's ghost, amateur MiBe
D:10 exclusion: oklob plant
Orc:1 1 runed translucent door, 2 transporters, exclusion: 4 orange crystal statues, Daviar's ghost, journeyman GnFE
Orc:2 Saint Roka


Innate Abilities, Weirdness & Mutations

You have hoof-like feet.
You are mostly covered in thin metallic scales. (AC +3)
Your flesh is heat resistant. (rF+)
You sometimes gain a little power by taking damage.
You are immune to clouds of flame.


Message History

The orc knight is heavily wounded.
You closely miss the orc warrior.
Unknown command.
You slice the orc knight!!
The orc knight is severely wounded.
You barely miss the orc warrior. You block the orc warrior's attack.
The orc knight misses you.
Unknown command.
Your shield and scale mail prevent you from hitting the orc knight.
Your kick misses the orc knight.
The orc knight is severely wounded.
You closely miss the orc warrior. You block the orc warrior's attack.
Unknown command.
You barely miss the orc knight. Your kick misses the orc knight.
The orc knight is severely wounded.
You slice the orc warrior!!
You kill the orc warrior!
Trog accepts your kill.
The orc knight hits you with a +1 great sword of electrocution!!!
You die...

≈ #.#.# ##......#.......#....#...
###W#.######....#h#...#.#...###.#
...O#.#..# ##...#8.....8#..## ###
...##....## #...#########.####
...#......####.............#.##
..##.......###.........##.....#
###....)[[).#..........##....##
#.....#.[.[....))o........^.##
.....####[)....#@#...........#
......###.....#####.....#...##
#.....##.....[..###...#.##.##
#......#.....))..)...##.####
##........#.#....))...###
##..#....#.#.........#
####....####....##.## #....#
##.###### ##.### ##..#


You could see an orc knight (strong).

Vanquished Creatures
  Josephine (D:11)
  2 two-headed ogres (D:10)
  Sonja (D:11)
  Pikel (D:4)
  2 orc knights (Orc:1)
  An ugly thing (D:12)
  A manticore (D:12)
  A gargoyle (D:12)
  A centaur skeleton (D:12)
  An efreet (D:11)
  2 trolls
  3 hippogriffs
  A vampire (D:12)
  4 wraiths (D:11)
  A shadow (D:13)
  2 wyverns
  21 yaks
  A steam dragon (D:11)
  3 vampire mosquitoes (D:12)
  A warg (Orc:1)
  3 hungry ghosts
  A soldier ant (D:12)
  Duvessa (D:4)
  A water moccasin (D:6)
  18 orc warriors
  2 eyes of draining
  An ice beast (D:11)
  A slave (D:3)
  A black bear (D:11)
  2 necrophages
  7 ogres
  4 phantoms
  4 sky beasts
  5 centaurs
  2 big kobolds
  5 bullfrogs
  2 scorpions
  Dowan (D:4)
  14 killer bees (D:10)
  3 wights (D:10)
  A howler monkey (D:8)
  6 crimson imps
  A quasit (D:7)
  7 hounds
  15 orc priests
  4 jellies
  Crazy Yiuf (D:2)
  5 bullfrog skeletons
  A human zombie (Ossuary)
  Jessica (D:2)
  9 orc wizards
  Ijyb (D:5)
  Natasha (twice) (D:2)
  Terence (D:3)
  2 iguanas
  14 worker ants
  2 big kobold zombies (Ossuary)
  A hound skeleton (D:6)
  2 mummies (Ossuary)
  2 howler monkey zombies
  14 adders
  7 gnolls
  3 shadow imps
  An adder zombie (D:8)
  3 worms
  4 dart slugs
  7 leopard geckos
  52 orcs
  5 giant cockroaches
  7 goblins
  9 hobgoblins
  2 jackals (D:6)
  13 kobolds
  3 quokkas
  2 ball pythons
  7 bats
  3 frilled lizards (D:4)
  A gnoll zombie (Ossuary)
  4 goblin zombies (Ossuary)
  2 hobgoblin zombies (Ossuary)
  4 orc zombies (Ossuary)
  6 rats
366 creatures vanquished.

Vanquished Creatures (collateral kills)
  An ettin (Orc:1)
  Nergalle (Orc:1)
  A deep elf mage (D:9)
  An orc warrior (Orc:1)
  An ogre (Orc:1)
  3 killer bees (D:10)
  An orc wizard (Orc:1)
  An orc (Orc:1)
10 creatures vanquished.

Vanquished Creatures (others)
  An adder (D:4)
1 creature vanquished.

Grand Total: 377 creatures vanquished

Notes
Turn   | Place    | Note
-------+----------+-------------------------------------------
     0 | D:1      | diana the Demonspawn Berserker began the quest for the Orb.
     0 | D:1      | Reached XP level 1. HP: 18/18 MP: 1/1
   341 | D:1      | Gained mutation: You are partially covered in thin metallic
                  | scales. (AC +2) [demonic ancestry]
   341 | D:1      | Reached XP level 2. HP: 18/24 MP: 2/2
  1028 | D:2      | Gained mutation: You have large cloven feet. [demonic
                  | ancestry]
  1028 | D:2      | Reached XP level 3. HP: 24/29 MP: 3/3
  1151 | D:2      | Found a runed translucent door.
  1152 | D:2      | Noticed Crazy Yiuf
  1318 | D:2      | Found a faded altar of an unknown god.
  1471 | D:2      | Found a shadowy altar of Dithmenos.
  1668 | D:2      | Found a stormy altar of Qazlal.
  1718 | D:2      | Gained mutation: You have hoof-like feet. [demonic
                  | ancestry]
  1718 | D:2      | Reached XP level 4. HP: 20/36 MP: 4/4
  1874 | D:2      | Found a glowing golden altar of the Shining One.
  1883 | D:2      | Reached ** piety under Trog
  1945 | D:2      | Noticed Jessica
  1949 | D:2      | Killed Jessica
  1974 | D:2      | Noticed Natasha
  1983 | D:2      | Killed Natasha
  2291 | D:2      | Noticed Natasha
  2298 | D:2      | Killed Natasha
  2298 | D:2      | Gained mutation: You sometimes gain a little power by
                  | taking damage. [demonic ancestry]
  2298 | D:2      | Reached XP level 5. HP: 19/42 MP: 5/5
  2299 | D:2      | Found a radiant altar of Vehumet.
  2503 | D:2      | Killed Crazy Yiuf
  2655 | D:3      | Found a sparkling altar of Nemelex Xobeh.
  2656 | D:3      | Noticed Terence
  2664 | D:3      | Killed Terence
  3148 | D:3      | Found a hazy altar of Hepliaklqana.
  3153 | D:3      | Reached XP level 6. HP: 48/48 MP: 6/6
  3568 | D:4      | Noticed a slave
  3569 | D:4      | Noticed Pikel
  3570 | D:4      | Noticed a slave
  3570 | D:4      | Noticed a slave
  3588 | D:3      | Killed a slave
  3632 | D:4      | Found a basalt altar of Yredelemnul.
  3636 | D:4      | Noticed Duvessa
  3636 | D:4      | Noticed Dowan
  4296 | D:4      | Noticed a slave
  4305 | D:4      | Killed Pikel
  4305 | D:4      | Reached skill level 5 in Fighting
  4305 | D:4      | Gained mutation: You are mostly covered in thin metallic
                  | scales. (AC +3) [demonic ancestry]
  4305 | D:4      | Reached XP level 7. HP: 56/56 MP: 7/7
  4351 | D:4      | Found a snail-covered altar of Cheibriados.
  4469 | D:4      | Killed Dowan
  4474 | D:4      | Killed Duvessa
  4474 | D:4      | Reached skill level 5 in Axes
  4474 | D:4      | Reached XP level 8. HP: 38/63 MP: 8/8
  4844 | D:5      | Entered Level 5 of the Dungeon
  5056 | D:5      | Noticed Ijyb
  5080 | D:5      | Reached skill level 5 in Armour
  5487 | D:5      | Reached skill level 5 in Dodging
  5584 | D:5      | Found a sand-covered staircase.
  5591 | Ossuary  | Entered an ossuary
  5794 | Ossuary  | Reached *** piety under Trog
  6016 | D:5      | Killed Ijyb
  6203 | D:5      | Found a runed translucent door.
  6203 | D:5      | Noticed kathalu's ghost (amateur MiBe)
  6629 | D:6      | Found a hide-covered altar of Uskayaw.
  7226 | D:6      | Found a shimmering blue altar of Sif Muna.
  7399 | D:7      | Reached XP level 9. HP: 60/71 MP: 9/9
  7544 | D:7      | Found a staircase to the Ecumenical Temple.
  7815 | D:6      | Reached **** piety under Trog
  8665 | D:7      | Found a shimmering altar of Xom.
  8795 | D:7      | Found a shattered altar of Ashenzari.
  9700 | D:8      | Reached ***** piety under Trog
  9720 | D:8      | Found a blossoming altar of Fedhas.
 10088 | D:9      | Reached skill level 1 in Shields
 10088 | D:9      | Gained mutation: Your flesh is heat resistant. (rF+)
                  | [demonic ancestry]
 10088 | D:9      | Reached XP level 10. HP: 53/80 MP: 10/10
 11198 | D:9      | Noticed a deep elf mage
 11205 | D:9      | Killed a deep elf mage
 11283 | D:9      | Found a radiant altar of Vehumet.
 11616 | D:10     | Entered Level 10 of the Dungeon
 11715 | D:10     | Noticed a two-headed ogre
 11721 | D:10     | Killed a two-headed ogre
 12170 | D:10     | Found an opulent altar of Gozag.
 12368 | D:10     | Reached XP level 11. HP: 85/85 MP: 11/11
 12505 | D:10     | Noticed a two-headed ogre
 12514 | D:10     | Killed a two-headed ogre
 12677 | D:10     | Received a gift from Trog
 13676 | D:10     | Noticed an oklob plant
 14109 | D:11     | Noticed Josephine
 14124 | D:11     | Killed Josephine
 14124 | D:11     | Reached skill level 5 in Shields
 14573 | D:11     | Found a staircase to the Orcish Mines.
 14698 | D:11     | Noticed Sonja
 14709 | D:11     | Killed Sonja
 15869 | D:12     | Gained mutation: You are immune to clouds of flame.
                  | [demonic ancestry]
 15869 | D:12     | Reached XP level 12. HP: 91/92 MP: 12/12
 16329 | D:12     | Reached ****** piety under Trog
 16542 | D:12     | Received a gift from Trog
 16579 | D:12     | Got a slimy hand axe {god gift}
 16580 | D:12     | Identified the +1 hand axe "Ocissorph" {vorpal, rElec rPois
                  | rC++ Str+4} (Trog gifted it to you on level 12 of the
                  | Dungeon)
 16984 | Orc:1    | Entered Level 1 of the Orcish Mines
 17134 | Orc:1    | Found a runed translucent door.
 17143 | Orc:1    | Found the +10 tower shield of Ignorance {rN+ Int-4}
 17175 | Orc:1    | Reached skill level 10 in Axes
 17309 | Orc:1    | Reached skill level 10 in Armour
 17570 | Orc:1    | Noticed Daviar's ghost (journeyman GnFE)
 17572 | Orc:1    | Identified the +11 great sword of Hemoytib {antimagic,
                  | Str+4 Int+3}
 17574 | Orc:1    | Noticed an ettin
 17575 | Orc:1    | Identified the +7 giant spiked club of Classification
                  | {flame, rElec rC- Stlth+}
 17575 | Orc:1    | Noticed an ettin
 17581 | Orc:1    | Killed an ettin
 17587 | Orc:1    | Noticed Nergalle
 17590 | Orc:1    | Killed Nergalle
 17819 | Orc:1    | Found a transporter.
 17825 | Orc:1    | Found a bloodstained altar of Trog.
 17832 | Orc:1    | Found a transporter.
 17876 | Orc:1    | Noticed a two-headed ogre
 17885 | Orc:1    | Found a runed translucent door.
 18068 | Orc:2    | Entered Level 2 of the Orcish Mines
 18257 | Orc:2    | Noticed Saint Roka
 18263 | Orc:1    | HP: 1/138 [orc knight/+1 great sword of electrocution (25)]
 18267 | Orc:1    | Annihilated by an orc knight

Illustrated notes

Levels and vault maps discovered:
D:1:      dpeg_arrival_long_road, layout_rooms
D:2:      layout_basic, lemuel_doored_altar, nicolae_qazlal_general_emergency,
          lemuel_coloured_pillars_altar, chequers_ecumenical_altar_island,
          grunt_dithmenos_smoke, uniq_crazy_yiuf_cottage, uniq_jessica,
          uniq_natasha
D:3:      layout_basic, lemuel_round_altar, lemuel_round_altar, uniq_terence
D:4:      layout_basic, yredelemnul_altar_generic, kennysheep_slug_shrine,
          nicolae_overflow_hidden_temple, uniq_duvessa, uniq_pikel
D:5:      layout_loops_cross, nicolae_ossuary_entry_monument, first_ration,
          gammafunk_ghost_grave, uniq_ijyb
D:6:      layout_gridville, eat_drink_and_be_merry_uskayaw,
          lemuel_blue_sif_altar
D:7:      layout_rooms, kennysheep_mini_moat, overflow_temple_1_default,
          minmay_temple_entry_glass
D:8:      layout_loops_ring, kennysheep_mini
D:9:      layout_stronghold, david_defended_altar_elf
D:10:     layout_small_grid, dpeg_oklobed_lair, basic_altar, blue_anna_alchemist
          [blue_anna_fruit_fields, blue_anna_fruit_fields]
D:11:     layout_basic, orc_0_dummy, uniq_sonja, uniq_josephine
D:12:     layout_loops_corners, ebering_dispersal_statue_hall
D:13:     layout_roguey, grunt_vaults_entry_tiered
Orc:1:    layout_diamond_mine, gammafunk_ghost_wrathful_warriors,
          chequers_guarded_unrand_ignorance, uniq_nergalle
Orc:2:    st_orc_mages, layout_caves, elves_outpost_lemuel, uniq_saint_roka

Skill      XL: |  1  2  3  4  5  6  7  8  9 10 11 12 |
---------------+-------------------------------------+-----
Armour         | 2 3 4 5 6 8 9 10 | 10.2
Dodging        | 2 3 4 5 6 8 9 |  9.0
Axes           | 3 4 5 7 8 9 10 | 10.3
Fighting       | 4 5 6 7 |  7.7
Shields        | 1 4 6 7 |  7.5

Action                   |  1- 3 |  4- 6 |  7- 9 | 10-12 || total
-------------------------+-------+-------+-------+-------++-------
Melee: Hand axe          |   109 |   161 |   503 |     5 ||   778
       Kick              |     7 |    46 |   165 |   200 ||   418
       Broad axe         |       |       |       |   635 ||   635
Invok: Berserk           |       |     5 |     8 |     8 ||    21
       Trog's Hand       |       |     1 |     2 |       ||     3
       Brothers in Arms  |       |       |       |     4 ||     4
Evoke: Wand              |       |       |       |    17 ||    17
  Use: Scroll            |       |       |       |    11 ||    11
  Eat: Chunk             |     3 |    12 |    23 |    30 ||    68
       Ration            |       |       |     2 |     3 ||     5
Armor: Animal skin       |    26 |     9 |       |       ||    35
       Ring mail         |       |    46 |    47 |       ||    93
       Scale mail        |       |       |   160 |   236 ||   396
Dodge: Dodged            |    81 |   120 |   352 |   715 ||  1268
Block: Tower shield      |       |       |       |   254 ||   254
